Map: Abyssal Reef LE

Players

Railgan

  • Race: Zerg Zerg
  • League: Grandmaster
  • Spawn Location: 11:00

ZeRgWaVe - Winner!

  • Race: Zerg Zerg
  • League: Grandmaster
  • Spawn Location: 5:00

VOD

Have the link to the VOD?

Description

Time

  • Played on: March 19, 2017, 4:52 p.m.
  • Length: 13:56
Show
View Real Time Build Order
Export as new Build Order

Railgan Zerg 

Build Orders: Pool First, Lurkers 

Get SALT Encoding   

  12  0:01  Drone  
  13  0:12  Overlord  
  13  0:17  Drone  
  14  0:31  Drone x2  
  17  0:35  Drone  
  17  0:45  Drone  
  17  0:49  Spawning Pool  
  17  0:56  Drone  
  18  1:12  Hatchery  
  18  1:13  Extractor  
  18  1:17  Drone  
  17  1:19  Drone  
  18  1:28  Drone  
  19  1:36  Queen  
  21  1:42  Zergling x2  
  21  1:44  Spine Crawler  
  21  1:52  Overlord  
  22  2:10  Drone  
  22  2:11  Drone, Queen  
  26  2:15  Metabolic Boost  
  26  2:24  Drone, Queen  
  26  2:27  Drone  
  30  2:34  Drone  
  31  2:37  Drone  
  31  2:44  Drone x2  
  31  2:49  Baneling Nest, Zergling x4  
  34  2:51  Drone  
  34  2:56  Overlord  
  35  3:15  Zergling x2  
  35  3:16  Drone x2  
  35  3:17  Drone  
  39  3:20  Drone  
  39  3:22  Lair  
  39  3:23  Drone  
  41  3:32  Drone x2  
  41  3:33  Drone  
  44  3:37  Baneling x2  
  44  3:47  Roach Warren  
  44  3:48  Evolution Chamber  
  42  3:49  Overlord  
  42  3:51  Drone x2  
  42  3:54  Extractor  
  42  3:55  Extractor  
  42  3:57  Drone  
  42  3:58  Drone  
  42  4:01  Baneling, Overlord  
  42  4:02  Baneling  
  44  4:05  Overlord  
  43  4:11  Drone  
  43  4:15  Drone x2  
  43  4:16  Drone x3  
  49  4:22  Drone  
  49  4:23  Drone  
  51  4:25  Zerg Missile Weapons Level 1  
  51  4:34  Overlord  
  51  4:35  Glial Reconstitution  
  51  4:38  Hatchery  
  50  4:40  Zergling x2  
  50  4:44  Zergling x2  
  50  4:45  Zergling x4  
  54  4:48  Overlord  
  54  4:56  Drone x3  
  54  4:59  Extractor  
  55  5:01  Roach  
  55  5:02  Roach x2  
  60  5:11  Roach  
  60  5:13  Drone  
  63  5:18  Roach  
  65  5:23  Drone  
  65  5:27  Hatchery  
  65  5:31  Roach x4  
  65  5:34  Baneling  
  73  5:36  Roach  
  75  5:43  Roach x2  
  75  5:44  Roach x2  
  75  5:48  Overlord  
  83  5:50  Overlord  
  83  5:57  Overlord  
  83  6:01  Overlord  
  82  6:06  Overlord  
  82  6:08  Roach  
  82  6:09  Ravager x3  
  82  6:10  Baneling x2, Ravager  
  88  6:11  Baneling  
  88  6:12  Roach x2  
  88  6:17  Roach x2  
  96  6:22  Zerg Missile Weapons Level 2  
  96  6:28  Roach x2  
  100  6:34  Roach  
  100  6:35  Roach  
  100  6:37  Overlord  
  98  6:50  Roach  
  98  6:52  Roach x4  
  98  6:53  Roach x2  
  108  6:59  Drone  
  108  7:00  Drone  
  110  7:04  Drone x2  
  112  7:10  Drone  
  112  7:11  Ravager  
  112  7:12  Drone  
  112  7:13  Drone  
  117  7:15  Drone  
  117  7:22  Drone  
  118  7:25  Drone  
  118  7:26  Drone x7  
  126  7:30  Overlord  
  126  7:33  Roach  
  126  7:34  Drone  
  129  7:40  Roach x2  
  123  7:47  Drone x2  
  123  7:50  Extractor x2  
  121  7:53  Roach  
  121  7:54  Roach x3  
  121  7:55  Hydralisk Den  
  121  7:57  Hatchery  
  127  7:59  Ravager x4  
  127  8:00  Ravager  
  132  8:06  Overlord  
  132  8:07  Roach x2  
  132  8:08  Roach x3  
  132  8:11  Drone  
  132  8:12  Drone x2  
  145  8:19  Overlord  
  145  8:22  Overlord  
  145  8:24  Overseer  
  145  8:25  Lurker Den  
  145  8:26  Overlord  
  145  8:28  Overlord, Roach x2  
  149  8:40  Roach  
  149  8:41  Roach x6  
  163  8:44  Roach  
  163  8:45  Roach  
  163  8:46  Roach  
  165  8:54  Roach x2  
  157  9:04  Hydralisk x3  
  161  9:10  Roach  
  161  9:11  Roach  
  161  9:17  Roach x2  
  163  9:26  Hydralisk x2  
  163  9:32  Roach x4  
  163  9:34  Roach  
  163  9:35  Roach x7  
  163  9:38  Zerg Ground Armor Level 1  
  185  9:44  Overlord  
  185  9:47  Overlord x2, Overseer  
  185  9:49  Overlord x2  
  181  9:58  Overlord  
  181  10:08  Lurker x3  
  181  10:09  Lurker  
  181  10:10  Zergling x2  
  181  10:11  Zergling x24  
  198  10:15  Muscular Augments  
  198  10:17  Overlord  
  198  10:25  Overlord  
  196  10:30  Zergling x2  
  189  10:36  Zergling x2  
  190  10:43  Overlord, Zergling x2  
  190  10:45  Zergling x2  
  190  10:49  Zergling x16  
  200  10:50  Overlord  
  197  11:12  Zergling x2  
  197  11:13  Overlord  
  183  11:20  Overlord  
  183  11:22  Hydralisk  
  183  11:24  Overlord, Zergling x10  
  140  11:48  Hydralisk x4  
  140  11:51  Roach Warren  
  128  12:01  Hydralisk  
  128  12:04  Lurker  
  128  12:10  Hydralisk  
  128  12:11  Overseer  
  95  12:23  Hydralisk  
  90  12:32  Hydralisk  
  79  12:37  Lurker  
  58  12:44  Hydralisk  
  60  13:01  Lurker  
  61  13:06  Hatchery  
  61  13:10  Drone x2  
  62  13:15  Hydralisk  
Show
View Real Time Build Order
Export as new Build Order

ZeRgWaVe Zerg - Winner!

Build Orders: Hatch First 

Get SALT Encoding   

  12  0:01  Drone  
  13  0:13  Overlord  
  13  0:18  Drone  
  14  0:31  Drone x2  
  14  0:35  Drone  
  17  0:53  Hatchery  
  17  0:56  Drone  
  17  1:00  Drone  
  17  1:02  Extractor  
  17  1:16  Spawning Pool  
  16  1:18  Drone  
  16  1:21  Drone  
  18  1:29  Drone  
  19  1:40  Overlord  
  19  1:54  Drone  
  20  2:03  Metabolic Boost, Queen  
  20  2:05  Queen  
  20  2:07  Drone  
  25  2:10  Drone  
  25  2:14  Zergling x2  
  27  2:26  Baneling Nest  
  27  2:27  Zergling x4  
  28  2:30  Drone  
  28  2:35  Extractor  
  28  2:42  Extractor, Zergling x2  
  28  2:48  Drone x3  
  33  2:56  Overlord  
  33  3:12  Drone x3  
  36  3:18  Drone  
  36  3:19  Drone, Overlord  
  37  3:36  Baneling x2  
  37  3:40  Zergling x10  
  37  3:41  Zergling x2  
  43  3:44  Lair  
  43  3:50  Hatchery  
  43  3:51  Drone x2  
  44  4:03  Overlord  
  43  4:17  Roach Warren  
  42  4:18  Overlord x2  
  42  4:19  Evolution Chamber  
  42  4:22  Extractor  
  42  4:23  Extractor, Baneling, Drone  
  40  4:24  Drone x5  
  40  4:27  Drone  
  46  4:33  Overlord  
  46  4:35  Drone x2  
  48  4:45  Zerg Missile Weapons Level 1  
  48  4:47  Drone x3  
  48  4:50  Drone  
  48  4:51  Drone  
  51  5:12  Glial Reconstitution  
  49  5:15  Roach x4  
  49  5:16  Roach  
  49  5:19  Overlord  
  49  5:21  Queen  
  61  5:24  Drone x4  
  61  5:25  Drone x2  
  61  5:26  Overlord  
  67  5:33  Roach  
  69  5:40  Roach  
  69  5:41  Roach x2  
  75  5:48  Overlord  
  75  5:49  Overlord  
  75  5:53  Roach x2  
  75  5:57  Roach  
  78  6:05  Roach  
  78  6:08  Roach  
  78  6:09  Roach x5  
  92  6:14  Roach  
  92  6:15  Drone  
  95  6:23  Roach  
  95  6:24  Overlord x2  
  97  6:27  Overlord  
  97  6:39  Overlord x2  
  97  6:41  Zerg Missile Weapons Level 2  
  95  6:50  Roach  
  95  6:51  Roach x9  
  105  6:55  Drone  
  105  6:56  Overlord  
  105  6:57  Overlord  
  106  7:01  Drone x2  
  106  7:02  Drone  
  106  7:04  Ravager  
  106  7:05  Roach x2  
  106  7:08  Extractor, Drone  
  115  7:13  Drone x3  
  117  7:23  Roach x4  
  117  7:26  Drone x2  
  117  7:27  Overlord x2  
  127  7:31  Roach  
  116  7:47  Roach x6  
  116  7:48  Drone x2  
  116  7:49  Drone x2  
  132  7:53  Extractor, Ravager  
  132  7:54  Ravager  
  132  7:55  Drone x3  
  136  8:01  Drone  
  136  8:04  Roach  
  139  8:06  Roach  
  139  8:08  Hatchery, Overseer  
  139  8:10  Roach x2  
  144  8:18  Roach  
  144  8:22  Overlord  
  144  8:25  Ravager, Overlord x2  
  145  8:28  Extractor  
  144  8:35  Roach  
  144  8:43  Roach  
  144  8:44  Roach x8  
  156  8:53  Ravager x2  
  156  8:54  Roach x3  
  148  9:03  Roach x4  
  148  9:04  Roach x3  
  162  9:10  Roach x2  
  164  9:21  Ravager  
  159  9:25  Roach x2  
  159  9:26  Roach x5  
  171  9:34  Overlord x2  
  171  9:35  Overlord  
  171  9:37  Overlord  
  169  9:47  Overlord x3  
  167  9:56  Drone  
  167  9:57  Roach x4  
  167  9:58  Ravager x3, Roach  
  167  9:59  Roach x3  
  187  10:02  Queen  
  187  10:06  Roach x2  
  187  10:07  Roach x2  
  197  10:08  Ravager  
  197  10:09  Ravager  
  197  10:12  Overlord x2  
  193  10:34  Roach x6  
  199  10:37  Ravager  
  200  10:42  Spire  
  200  10:43  Overseer  
  200  10:48  Overseer x2  
  193  11:05  Roach x3  
  193  11:06  Roach  
  191  11:20  Roach x4  
  196  11:30  Roach x6  
  196  11:31  Roach x2  
  186  11:51  Roach  
  186  11:52  Roach x5  
  192  12:05  Roach  
  119  12:58  Roach  
  119  12:59  Roach  
  119  13:02  Hatchery  
  119  13:04  Ravager  
  123  13:30  Roach x2  
  123  13:31  Roach  
Tags
 
Add a new tag
Caveats
  • Supply blocks, unpowered buildings, or Contaminate may cause inaccurate times.
  • Supply counts are checked every 10 seconds.